Map: [TLMC15] Glittering Ashes

Players

Cure

  • Race: Terran Terran

Solar - Winner!

  • Race: Zerg Zerg

Event: DreamHack SC2 Masters Last Chance 2022

VOD

Have the link to the VOD?

Description

Time

  • Played on: Jan. 16, 2022, 8:55 a.m.
  • Length: 29:05

All games in this series

Show
View Real Time Build Order
Export as new Build Order

Cure Terran 

Build Orders:  

Get SALT Encoding   

  12  0:00  SCV  
  13  0:12  SCV  
  14  0:17  Supply Depot  
  14  0:24  SCV  
  15  0:38  SCV  
  15  0:40  Barracks  
  15  0:42  Refinery  
  16  0:50  SCV  
  17  0:57  Barracks  
  17  1:03  SCV  
  18  1:15  SCV  
  19  1:27  Reaper, Orbital Command  
  19  1:29  Supply Depot  
  20  1:43  Marine  
  21  1:52  SCV  
  22  1:58  Marine  
  23  2:01  Marine  
  24  2:11  Command Center  
  24  2:13  SCV  
  25  2:17  Marine  
  25  2:19  Barracks Reactor  
  26  2:25  SCV  
  26  2:37  SCV  
  26  2:40  Barracks Tech Lab  
  26  2:42  Refinery  
  27  2:49  SCV  
  28  2:54  Factory  
  28  2:55  Supply Depot  
  28  2:58  Marine  
  28  3:01  SCV  
  30  3:06  Stimpack  
  30  3:13  SCV  
  30  3:17  Marine  
  32  3:25  SCV  
  33  3:35  Marine  
  33  3:37  SCV  
  33  3:39  Starport, Factory Reactor  
  33  3:40  Marine x2  
  37  3:46  Orbital Command  
  37  3:49  SCV  
  37  3:53  Marine  
  37  3:55  Supply Depot  
  39  3:58  Marine x2  
  39  4:01  SCV  
  41  4:13  SCV  
  41  4:14  SCV, Marine  
  41  4:16  Marine x2  
  46  4:19  Supply Depot  
  46  4:21  Medivac x2  
  52  4:24  Hellion  
  52  4:26  SCV  
  52  4:28  SCV  
  54  4:32  Marine  
  54  4:34  Marine x2  
  57  4:38  SCV  
  57  4:40  SCV  
  57  4:42  Supply Depot  
  57  4:45  Supply Depot  
  59  4:47  Combat Shield  
  59  4:50  SCV  
  59  4:51  Marine  
  61  4:52  SCV  
  61  4:53  Marine  
  61  4:58  Marine  
  64  5:02  Widow Mine  
  64  5:03  SCV  
  64  5:05  SCV  
  64  5:06  Medivac  
  70  5:10  Supply Depot, Marine  
  70  5:11  Marine  
  72  5:15  SCV  
  72  5:16  Marine  
  72  5:17  SCV  
  75  5:27  SCV  
  73  5:31  Marine x2  
  73  5:34  Marine  
  76  5:37  Command Center  
  76  5:39  Factory Tech Lab  
  76  5:41  Armory  
  75  5:51  SCV x2  
  75  5:53  Marine x3  
  75  5:54  Refinery  
  75  5:55  Refinery, Starport Reactor  
  80  6:04  Factory, Widow Mine  
  80  6:06  SCV x2  
  80  6:08  Supply Depot  
  82  6:18  SCV x2  
  82  6:24  Marine  
  82  6:25  Marine x2  
  77  6:27  Drilling Claws  
  77  6:28  Widow Mine  
  77  6:30  SCV x2  
  81  6:33  Medivac, Engineering Bay x2  
  81  6:38  Medivac  
  85  6:42  SCV  
  85  6:43  SCV  
  87  6:51  Widow Mine x2  
  87  6:52  Widow Mine, Orbital Command  
  93  6:57  SCV x2  
  93  6:59  Terran Infantry Armor Level 1  
  95  7:01  Terran Infantry Weapons Level 1  
  95  7:08  Marine x3  
  98  7:14  Widow Mine x2  
  102  7:17  Barracks  
  102  7:19  Orbital Command  
  102  7:20  Widow Mine, Medivac  
  106  7:24  SCV x2  
  108  7:33  Supply Depot  
  108  7:35  Supply Depot  
  108  7:36  Marine x3  
  110  7:41  Widow Mine x2  
  110  7:42  Widow Mine  
  110  7:44  SCV x2  
  113  7:54  SCV, Medivac  
  113  7:55  Medivac, Marine x2  
  113  7:56  SCV  
  119  8:03  SCV  
  119  8:04  Barracks Reactor  
  118  8:06  SCV, Siege Tank  
  118  8:07  Widow Mine x2, Barracks  
  118  8:08  SCV  
  118  8:09  Barracks  
  125  8:15  SCV  
  125  8:18  SCV  
  127  8:20  SCV, Marine x3  
  127  8:21  Command Center  
  131  8:30  Supply Depot x2  
  131  8:32  Supply Depot  
  128  8:42  Siege Tank  
  128  8:43  Widow Mine  
  133  8:51  Widow Mine, Medivac x2, Marine x5  
  144  8:55  SCV  
  144  8:56  SCV x2  
  147  9:08  SCV x3, Barracks Reactor  
  147  9:09  Terran Infantry Weapons Level 2, Barracks Reactor  
  146  9:12  Refinery x2  
  146  9:13  Marine x4  
  146  9:14  Supply Depot  
  146  9:16  Supply Depot  
  150  9:19  Terran Infantry Armor Level 2  
  150  9:20  SCV x3  
  149  9:30  Barracks  
  149  9:32  SCV x3, Barracks  
  149  9:33  Barracks  
  152  9:38  Siege Tank  
  152  9:41  Widow Mine x2  
  152  9:44  SCV x3  
  162  9:53  Sensor Tower, Terran Vehicle Weapons Level 1  
  162  9:58  Command Center, Marine x2  
  162  9:59  Marauder, Marine x2  
  168  10:03  Widow Mine  
  168  10:04  Widow Mine  
  172  10:10  Siege Tank  
  171  10:14  SCV x3  
  171  10:20  Marauder, Barracks Tech Lab x3, Marine x2  
  178  10:32  Marine x2  
  178  10:33  Marine x2  
  178  10:34  Widow Mine x2  
  178  10:35  Planetary Fortress  
  184  10:37  Refinery x2  
  184  10:39  Sensor Tower, Command Center  
  184  10:40  Missile Turret  
  184  10:42  Marauder  
  179  10:51  Marauder x3, Marine x3  
  179  10:52  Marine  
  179  10:55  Supply Depot x2  
  185  11:03  Marauder  
  185  11:04  Siege Tank, Marine x2  
  189  11:05  Widow Mine x2  
  196  11:11  Factory  
  196  11:12  Marauder  
  196  11:13  Marine x2  
  196  11:29  Marauder, Marine x2  
  200  11:33  Terran Infantry Weapons Level 3  
  200  11:35  Ghost Academy  
  200  11:39  Command Center  
  198  11:42  Command Center  
  198  11:59  Factory Tech Lab  
  198  12:00  Siege Tank  
  199  12:10  Terran Vehicle Weapons Level 2, Terran Infantry Armor Level 3  
  199  12:13  Concussive Shells  
  199  12:15  Missile Turret, Personal Cloaking  
  199  12:16  Missile Turret  
  199  12:18  Missile Turret  
  199  12:22  Sensor Tower  
  199  12:29  Ghost  
  199  12:32  Missile Turret, Command Center  
  199  12:39  Ghost x2  
  199  12:43  Planetary Fortress  
  197  12:47  Ghost  
  197  12:58  Ghost  
  189  13:04  Siege Tank  
  183  13:07  Ghost x2  
  160  13:13  Medivac  
  160  13:15  Ghost  
  160  13:16  Orbital Command x3  
  164  13:20  Refinery  
  164  13:21  Refinery  
  164  13:23  Medivac  
  164  13:24  Command Center  
  164  13:27  Ghost  
  166  13:28  Missile Turret  
  166  13:30  Missile Turret  
  165  13:34  Siege Tank  
  168  13:41  Nuke  
  168  13:49  Ghost Academy  
  168  13:52  Starport  
  168  13:53  Fusion Core  
  168  13:55  Marauder x2, Marine x6  
  180  13:56  Marauder  
  180  13:57  Medivac x2  
  180  14:05  Marine x2  
  180  14:06  Marauder  
  180  14:08  Siege Tank x2  
  190  14:15  Neosteel Armor  
  192  14:17  Marauder  
  192  14:24  Enhanced Shockwaves  
  191  14:34  Ghost x2  
  191  14:35  Ghost  
  196  14:40  Ghost, Orbital Command  
  198  14:48  Hi-Sec Auto Tracking  
  196  14:59  Command Center  
  196  15:03  Ghost x2  
  200  15:30  Orbital Command  
  200  15:36  Missile Turret  
  200  15:37  Missile Turret, Refinery x2  
  200  15:38  Terran Vehicle Weapons Level 3  
  200  15:39  Armory  
  200  15:40  Missile Turret  
  200  15:41  Planetary Fortress  
  195  15:53  Marauder x4, Marine x8  
  190  15:57  Siege Tank  
  190  15:58  Siege Tank, Starport Reactor  
  190  15:59  Liberator  
  199  16:08  Nuke x2  
  196  16:22  Missile Turret  
  196  16:23  Missile Turret  
  196  16:25  Command Center  
  196  16:30  Siege Tank  
  196  16:49  Ghost x2  
  200  17:08  Ghost x2  
  198  17:23  Nuke  
  198  17:45  Command Center  
  198  17:47  Command Center  
  198  17:54  Terran Ship Weapons Level 1  
  198  17:55  Nuke  
  198  17:56  Command Center  
  198  18:10  Nuke  
  198  18:12  Missile Turret  
  198  18:14  Missile Turret  
  198  18:15  Planetary Fortress, Terran Vehicle And Ship Armor Level 1  
  198  18:17  Missile Turret  
  196  18:36  Command Center  
  196  18:37  Missile Turret  
  176  18:49  Marine x4  
  176  18:50  Marauder x2  
  176  18:52  SCV x4  
  176  18:53  Missile Turret  
  176  18:55  Sensor Tower  
  188  18:59  Ghost x2  
  188  19:00  Marine x2  
  172  19:05  Marine x2  
  172  19:07  Marine x2  
  170  19:10  Marine x2, Ghost  
  170  19:11  Marauder, Widow Mine, Siege Tank x2  
  170  19:12  Widow Mine  
  181  19:18  Marine x2  
  181  19:23  Marine x2  
  177  19:25  Marine x2  
  177  19:28  Marine x2, Ghost x2  
  177  19:29  Liberator x2  
  191  19:33  Marauder, Widow Mine x2, Refinery  
  191  19:36  Marine x2  
  197  19:40  Marauder  
  197  19:42  Marine x2  
  197  19:43  Marine x2  
  192  19:53  Ghost  
  192  19:57  Marauder x2  
  192  19:58  Marine x4  
  195  20:00  Ghost  
  195  20:05  Marine x4  
  195  20:06  Siege Tank  
  195  20:16  Marine x2  
  195  20:18  Ghost  
  195  20:19  Marauder  
  195  20:22  Ghost  
  197  20:29  Marauder  
  197  20:34  Missile Turret  
  197  20:37  Orbital Command  
  197  20:38  Planetary Fortress  
  197  20:39  Sensor Tower, Ghost  
  199  20:44  Command Center  
  199  20:46  Ghost  
  199  20:47  Missile Turret  
  199  21:00  Marine  
  197  21:06  Ghost  
  197  21:07  Ghost  
  197  21:08  Liberator  
  197  21:11  Missile Turret  
  191  21:12  Command Center  
  191  21:17  Medivac x3  
  186  21:27  Marauder x2, Marine x4  
  185  21:35  Marine x4  
  185  21:36  Marauder x2  
  193  21:43  Command Center  
  193  21:47  Medivac  
  193  21:50  Terran Ship Weapons Level 2, Terran Vehicle And Ship Armor Level 2  
  193  21:51  Nuke  
  199  22:06  Factory Tech Lab  
  199  22:08  Siege Tank  
  196  22:09  Widow Mine x2  
  196  22:15  Missile Turret  
  200  22:17  Orbital Command  
  200  22:18  Missile Turret  
  200  22:29  Liberator  
  198  22:33  Orbital Command  
  163  22:40  Siege Tank  
  163  22:43  Marauder x2, Marine x6  
  163  22:44  Marauder  
  162  22:54  Medivac x2  
  162  22:55  SCV x2  
  162  22:58  Marauder, Marine x2  
  168  23:00  Marine x2  
  168  23:05  Marauder  
  173  23:07  Widow Mine x2  
  173  23:12  Siege Tank  
  180  23:20  Ghost  
  180  23:21  Marauder x2, Marine x4  
  185  23:32  Ghost  
  185  23:33  Marine x4  
  191  23:38  Marine x2  
  191  23:40  Marine x2  
  184  23:43  Marauder x2  
  184  23:44  Siege Tank  
  157  23:50  Marauder  
  157  23:51  Marine x4  
  134  23:56  Marine x2  
  134  23:58  Marine x2  
  134  24:01  Marauder  
  140  24:04  Marauder x2  
  140  24:08  Widow Mine x2, Marine x2  
  140  24:09  Medivac, Marine x2  
  119  24:10  Medivac x2  
  119  24:11  Marauder  
  119  24:14  Marine x2  
  117  24:22  Ghost  
  117  24:23  Marine x2  
  108  24:24  Orbital Command  
  108  24:25  Ghost  
  108  24:26  Marauder, Marine x2  
  108  24:31  Marine x2  
  114  24:32  Marauder, Marine, Orbital Command  
  114  24:34  Siege Tank  
  118  24:39  Widow Mine x2  
  118  24:43  Liberator x2  
  118  24:45  Liberator  
  127  24:46  Liberator, Ghost  
  127  24:52  Marauder  
  132  24:53  Marine x4  
  132  24:54  Marauder x2  
  140  25:03  Marine x2  
  141  25:09  Orbital Command  
  141  25:12  Ghost  
  140  25:14  Ghost  
  140  25:20  Ghost  
  140  25:21  Ghost  
  139  25:32  Orbital Command  
  133  25:41  Ghost  
  121  25:43  Ghost  
  121  25:45  Marine  
  121  25:49  Ghost x2  
  92  26:09  Ghost  
  94  26:11  Ghost  
  94  26:14  Orbital Command  
  94  26:15  Marine x4  
  94  26:18  Ghost x2  
  102  26:22  Marine x2  
  102  26:23  Marine x2  
  106  26:32  Marine x2, Orbital Command  
  102  26:33  Marine  
  102  26:37  Orbital Command  
  102  26:38  Ghost  
  103  26:40  Ghost  
  103  26:46  Ghost  
  107  26:47  Marauder  
  107  26:50  Marine x4  
  113  27:01  Medivac x2  
  114  27:07  Marauder  
  116  27:08  Marauder  
  116  27:23  Marauder, Marine x3  
  120  27:32  Marauder, Marine x3  
  116  27:42  Marauder, Marine x4  
  120  27:49  Marine x2  
  120  27:50  Marauder, Marine x2  
  94  28:23  Marauder x3, Marine x6  
  88  28:29  Marauder, Marine x2  
  88  28:33  Medivac  
  82  28:40  SCV x2, Marine x2  
  82  28:41  Marine  
Show
View Real Time Build Order
Export as new Build Order

Solar Zerg - Winner!

Build Orders: Pool First, Lurkers 

Get SALT Encoding   

  12  0:00  Drone  
  13  0:12  Overlord  
  13  0:17  Drone  
  14  0:30  Drone x2  
  16  0:40  Spawning Pool  
  15  0:43  Drone  
  15  0:47  Drone  
  17  1:07  Hatchery  
  17  1:10  Drone  
  17  1:24  Extractor  
  16  1:27  Zergling x6  
  16  1:32  Queen  
  21  1:38  Overlord  
  21  1:49  Drone  
  22  2:00  Drone  
  23  2:07  Queen  
  25  2:11  Drone  
  26  2:19  Queen  
  26  2:20  Drone  
  29  2:27  Metabolic Boost  
  29  2:28  Drone  
  30  2:31  Drone  
  30  2:32  Drone  
  31  2:42  Drone  
  31  2:43  Drone  
  32  2:44  Drone  
  32  2:46  Overlord  
  32  2:48  Drone  
  33  2:51  Drone  
  34  2:59  Drone  
  35  3:07  Drone  
  35  3:10  Hatchery  
  35  3:12  Drone  
  36  3:15  Drone  
  36  3:16  Drone  
  36  3:18  Drone  
  39  3:21  Overlord  
  39  3:25  Overlord  
  39  3:37  Overlord  
  39  3:39  Queen  
  39  3:40  Zergling x2  
  42  3:41  Drone x2  
  42  3:45  Zergling x2  
  46  3:48  Drone  
  46  3:49  Zergling x2  
  46  3:52  Drone  
  48  4:00  Drone x3, Spore Crawler  
  50  4:03  Drone  
  50  4:05  Drone  
  53  4:14  Queen, Baneling Nest  
  53  4:15  Drone x2  
  56  4:19  Drone x3  
  56  4:22  Queen  
  56  4:23  Drone  
  62  4:26  Zergling x2, Overlord  
  62  4:32  Drone  
  62  4:37  Zergling x4  
  65  4:41  Extractor  
  65  4:43  Zergling x2  
  65  4:46  Zergling x6  
  65  4:50  Overlord  
  68  4:54  Drone x3  
  68  4:55  Overlord  
  68  4:57  Zergling x6  
  68  4:59  Baneling x4  
  74  5:00  Baneling, Overlord  
  74  5:02  Overlord  
  74  5:05  Overlord  
  73  5:07  Baneling x2  
  73  5:08  Queen  
  73  5:11  Zergling x4  
  77  5:16  Zergling x2  
  78  5:23  Zergling x4  
  78  5:24  Lair  
  78  5:25  Zergling x6  
  78  5:27  Queen  
  81  5:31  Drone x2  
  81  5:32  Drone x3  
  81  5:34  Zergling x4  
  86  5:38  Overlord  
  86  5:44  Drone  
  86  5:45  Drone  
  86  5:49  Drone  
  86  5:53  Extractor  
  86  5:55  Extractor  
  84  5:59  Drone x4  
  84  6:02  Baneling x4, Extractor  
  84  6:03  Evolution Chamber  
  86  6:04  Drone x4  
  86  6:06  Evolution Chamber  
  86  6:07  Zergling x10  
  86  6:09  Zergling x2  
  95  6:12  Drone  
  95  6:17  Queen  
  92  6:19  Zergling x4, Queen  
  92  6:25  Drone  
  89  6:29  Zergling x8  
  89  6:30  Centrifugal Hooks  
  93  6:34  Drone x5  
  93  6:35  Drone x3  
  93  6:39  Zerg Ground Armor Level 1  
  101  6:42  Zergling x2  
  101  6:43  Zerg Melee Weapons Level 1  
  101  6:46  Zergling x4  
  100  6:55  Zergling x6  
  100  6:56  Zergling x2  
  100  6:57  Zergling x4  
  105  7:02  Baneling x4  
  105  7:03  Zergling x2  
  105  7:06  Baneling  
  105  7:07  Zergling x8  
  110  7:13  Overlord  
  110  7:14  Zergling x6  
  113  7:20  Zergling x2  
  113  7:22  Hatchery  
  113  7:29  Pneumatized Carapace  
  112  7:30  Overseer, Zergling x6, Hydralisk Den  
  112  7:34  Zergling x8  
  112  7:36  Drone  
  118  7:38  Spore Crawler  
  116  7:45  Drone x4  
  116  7:47  Drone x2  
  121  7:58  Baneling x2  
  121  7:59  Baneling x2  
  121  8:00  Spore Crawler  
  121  8:02  Drone x4  
  121  8:03  Drone x3, Overlord  
  121  8:05  Overlord  
  121  8:08  Overseer  
  121  8:09  Overlord  
  121  8:13  Spore Crawler  
  121  8:15  Grooved Spines  
  121  8:19  Drone, Overlord  
  121  8:22  Drone x2  
  121  8:23  Overlord  
  123  8:27  Baneling x10  
  123  8:28  Baneling x3  
  123  8:32  Zergling x4  
  125  8:36  Queen  
  125  8:37  Zergling x10  
  122  8:41  Drone  
  122  8:42  Drone x2  
  122  8:46  Zergling x10  
  129  8:51  Zerg Melee Weapons Level 2, Zerg Ground Armor Level 2  
  129  8:52  Drone  
  127  8:55  Drone  
  127  8:57  Drone  
  127  9:00  Drone x2  
  131  9:04  Drone x2  
  131  9:05  Drone x2  
  131  9:07  Drone x2  
  131  9:08  Drone  
  131  9:10  Drone x2  
  131  9:19  Hydralisk x3  
  131  9:22  Overlord  
  137  9:29  Hydralisk x4, Baneling x3  
  145  9:34  Infestation Pit, Drone x2, Extractor  
  145  9:35  Drone  
  145  9:36  Drone, Hatchery  
  145  9:37  Drone  
  147  9:40  Zergling x14  
  147  9:42  Overlord  
  147  9:44  Drone  
  155  9:46  Drone  
  156  9:54  Zergling x6  
  159  10:00  Overseer, Muscular Augments  
  159  10:04  Lurker Den  
  157  10:07  Zergling x22  
  157  10:13  Drone, Hive  
  167  10:14  Drone  
  167  10:16  Drone x2  
  167  10:19  Drone x2  
  167  10:21  Overlord  
  172  10:22  Overlord  
  172  10:24  Baneling x4  
  172  10:27  Drone  
  163  10:29  Drone x2  
  163  10:30  Drone  
  163  10:31  Drone x2  
  163  10:32  Drone  
  163  10:33  Drone, Hatchery  
  163  10:34  Drone  
  168  10:36  Drone  
  168  10:39  Drone  
  168  10:41  Drone  
  169  10:45  Drone x5  
  169  10:46  Spore Crawler  
  169  10:49  Zergling x8  
  176  10:54  Overlord  
  176  10:58  Zergling x8  
  176  11:01  Extractor  
  176  11:02  Hydralisk x3  
  185  11:08  Baneling x4  
  185  11:10  Drone x2  
  187  11:12  Zergling x8  
  187  11:14  Zergling x4  
  193  11:24  Viper x2  
  199  11:26  Seismic Spines  
  199  11:30  Burrow  
  199  11:32  Zerg Missile Weapons Level 1, Zerg Melee Weapons Level 3  
  199  11:35  Adrenal Glands  
  199  11:38  Zergling x4  
  198  12:03  Spore Crawler  
  198  12:05  Drone x3  
  198  12:06  Extractor  
  199  12:11  Zergling x2  
  199  12:14  Hatchery  
  198  12:23  Adaptive Talons  
  198  12:25  Drone  
  198  12:28  Baneling x3  
  198  12:29  Baneling x2  
  199  12:32  Overlord  
  199  12:36  Drone x2  
  200  12:40  Drone x3  
  200  12:41  Drone x6  
  198  12:46  Drone x2  
  200  12:54  Overseer, Baneling  
  198  13:04  Zergling x38  
  199  13:12  Zergling x20  
  194  13:13  Zergling x4  
  196  13:22  Overseer  
  196  13:23  Nydus Network  
  196  13:24  Lurker x4  
  196  13:26  Zerg Ground Armor Level 3  
  199  13:29  Hatchery  
  199  13:32  Zergling x2  
  199  13:43  Zergling x2  
  199  13:53  Overseer  
  199  13:58  Baneling x5  
  199  13:59  Baneling x2  
  199  14:09  Zerg Missile Weapons Level 2  
  199  14:13  Zergling x2  
  199  14:20  Drone, Hatchery  
  199  14:21  Spore Crawler  
  198  14:25  Drone  
  198  14:27  Overseer  
  198  14:29  Drone  
  200  14:33  Nydus Canal  
  200  14:37  Drone, Spire  
  200  15:10  Drone x3  
  200  15:11  Drone  
  200  15:12  Drone x3  
  200  15:13  Drone x3  
  200  15:34  Baneling x6  
  200  15:36  Nydus Canal  
  200  15:37  Drone  
  199  15:44  Extractor  
  199  15:45  Drone  
  188  15:51  Zergling x44  
  188  15:54  Zergling x26  
  188  15:56  Zergling x2  
  199  15:58  Spore Crawler  
  199  16:02  Zergling x2  
  199  16:08  Drone  
  199  16:12  Drone  
  199  16:14  Zerg Flyer Weapons Level 1, Drone, Hatchery  
  199  16:15  Drone x4  
  199  16:16  Drone  
  199  16:18  Baneling x17  
  198  16:19  Baneling x12  
  198  16:20  Drone  
  198  16:23  Drone  
  200  16:28  Zergling x2  
  200  16:30  Drone  
  200  16:35  Zerg Missile Weapons Level 3  
  200  16:38  Drone x3  
  199  16:44  Zergling x6  
  199  16:46  Zergling x6  
  199  16:47  Zergling x4  
  200  16:57  Overseer  
  200  16:59  Viper  
  200  17:00  Viper  
  198  17:02  Zergling x4  
  198  17:05  Overlord x2  
  199  17:14  Overlord  
  199  17:17  Zergling x2  
  199  17:26  Spire  
  199  17:27  Extractor  
  199  17:28  Zergling x2  
  199  17:29  Zergling x4  
  197  17:44  Zergling x4  
  197  17:45  Nydus Canal  
  197  17:51  Zergling x2  
  199  17:53  Spore Crawler  
  199  17:55  Spore Crawler  
  197  18:05  Zergling x6  
  199  18:12  Zergling x2  
  200  18:15  Drone x11  
  199  18:26  Zergling x2  
  199  18:31  Hatchery  
  198  18:40  Zergling x26, Hatchery  
  186  18:43  Zergling x34  
  186  18:45  Zergling x14  
  186  18:47  Zergling x2  
  195  18:52  Zergling x12  
  194  18:57  Zergling x14  
  192  19:03  Zergling x10  
  192  19:06  Hydralisk x2  
  192  19:08  Hydralisk x3  
  195  19:15  Hydralisk x4  
  189  19:20  Zergling x6  
  189  19:23  Hydralisk x5  
  197  19:24  Hatchery  
  197  19:30  Hatchery, Baneling x5  
  192  19:31  Overlord  
  192  19:32  Overlord x2  
  192  19:33  Overseer x4  
  192  19:36  Zergling x4  
  192  19:37  Zergling x2  
  193  19:39  Drone x2  
  193  19:45  Hydralisk x2  
  189  19:52  Hatchery, Greater Spire, Zerg Flyer Weapons Level 2  
  193  19:53  Zergling x16  
  193  19:57  Zergling x4  
  193  19:58  Zergling x2  
  198  20:05  Zergling x20  
  184  20:08  Zergling x2  
  184  20:13  Zergling x14  
  183  20:15  Zergling x2  
  183  20:18  Zergling x2  
  180  20:23  Zergling x10  
  180  20:26  Baneling x4, Lurker x2  
  180  20:27  Lurker x5  
  191  20:28  Zergling x8  
  191  20:34  Baneling x9  
  194  20:36  Zergling x8  
  194  20:41  Zergling x6  
  194  20:42  Spore Crawler, Extractor  
  196  20:44  Zergling x4, Extractor  
  199  20:50  Zergling x6  
  199  20:54  Overlord  
  199  20:55  Overlord  
  200  20:58  Baneling x3  
  200  21:04  Zergling x6  
  200  21:08  Zergling x14  
  200  21:09  Zergling x4  
  199  21:14  Zergling x2  
  199  21:24  Zergling x12  
  199  21:25  Zergling x16  
  199  21:27  Hydralisk x3  
  199  21:28  Hydralisk  
  199  21:32  Zergling x4  
  191  21:34  Zergling x2  
  195  21:45  Zergling x16  
  199  22:01  Hatchery  
  198  22:02  Baneling  
  198  22:03  Baneling x7  
  190  22:31  Zerg Flyer Armor Level 1, Zerg Flyer Weapons Level 3  
  190  22:32  Overseer x4, Zergling x38  
  185  22:40  Zergling x16  
  161  22:44  Hydralisk  
  161  22:45  Hydralisk x9  
  161  22:48  Zergling x2  
  176  22:52  Baneling x4  
  176  22:53  Hydralisk x3, Baneling x10  
  176  22:54  Hydralisk  
  176  22:55  Zergling x10  
  176  22:56  Lurker x4  
  189  22:59  Baneling x7, Zergling x4  
  189  23:01  Baneling x9  
  189  23:03  Viper  
  189  23:04  Zergling x6  
  197  23:08  Zergling x6  
  200  23:20  Spore Crawler  
  200  23:26  Zergling x8  
  200  23:27  Zergling x26  
  198  23:28  Zergling x14  
  198  23:30  Hatchery  
  198  23:33  Baneling x7  
  198  23:35  Overlord  
  198  23:36  Overlord  
  198  23:38  Overlord  
  189  23:42  Zergling x22  
  181  23:48  Zergling x16  
  181  23:52  Overseer x3  
  181  23:53  Overlord  
  181  23:54  Hydralisk x5  
  190  24:00  Hydralisk x4  
  195  24:06  Hydralisk x4  
  178  24:10  Zergling x8  
  178  24:12  Zergling x4  
  178  24:13  Zergling x2  
  178  24:17  Hydralisk  
  170  24:19  Hydralisk x2  
  170  24:23  Drone x3  
  170  24:24  Zergling x10  
  170  24:26  Hydralisk  
  165  24:33  Zergling x10  
  165  24:35  Spore Crawler  
  165  24:36  Hydralisk x4  
  176  24:40  Hatchery  
  176  24:43  Hydralisk  
  176  24:44  Hydralisk x7  
  190  24:47  Drone  
  190  24:48  Zergling x2  
  187  24:53  Zergling x12  
  187  24:54  Zergling x10  
  187  24:55  Zergling x4  
  187  24:59  Baneling, Lurker x6  
  199  25:03  Zergling x8  
  199  25:07  Zergling x2  
  199  25:08  Zergling x4  
  199  25:12  Zergling x4  
  198  25:19  Zergling x12  
  199  25:25  Zergling x4  
  199  25:27  Zergling x2  
  199  25:28  Zergling x8  
  199  25:29  Zergling x2  
  199  25:30  Zergling x4  
  199  25:34  Zergling x14  
  200  25:39  Hydralisk x2  
  192  25:42  Zergling x2  
  192  25:43  Zergling x10  
  192  25:44  Zergling x2  
  192  25:45  Zergling x6  
  185  25:51  Hydralisk x7  
  185  25:52  Hydralisk x4  
  185  25:54  Hydralisk x2  
  185  25:56  Overseer x2  
  182  25:58  Hydralisk x3  
  182  26:03  Hydralisk x5  
  184  26:07  Zergling x8  
  184  26:08  Drone x2  
  184  26:10  Baneling x19, Lurker  
  188  26:11  Zergling x8  
  188  26:13  Hydralisk x2  
  188  26:15  Lurker x2  
  188  26:16  Lurker  
  188  26:17  Zergling x2  
  188  26:18  Zergling x4  
  199  26:29  Baneling  
  199  26:30  Baneling  
  199  26:37  Zergling x12  
  193  26:40  Zergling x18  
  193  26:43  Zergling x2  
  193  26:44  Zergling x4  
  196  26:56  Zergling x8  
  194  27:09  Zergling x12  
  199  27:29  Zergling x2  
  199  27:30  Zergling x6  
  183  27:44  Zergling x16  
  183  27:45  Zergling x6  
  181  27:53  Zergling x28  
  181  27:54  Zergling x8  
  199  28:03  Overlord  
  196  28:08  Hydralisk x2  
  196  28:09  Zergling x28  
  196  28:10  Zergling x2  
  196  28:11  Zergling x14  
  198  28:13  Zergling x4  
  198  28:19  Zergling x8  
  196  28:21  Hydralisk x4  
  196  28:23  Hydralisk x2  
  196  28:26  Hydralisk x2  
  178  28:30  Hydralisk x5  
  178  28:32  Zergling x2  
  165  28:34  Zergling x4  
  165  28:35  Overseer  
  165  28:36  Baneling x16  
  165  28:37  Baneling x7  
  165  28:40  Zergling x8  
  165  28:41  Baneling x5  
  170  28:44  Zergling x4  
  170  28:45  Zergling x8  
  176  28:48  Baneling x7  
  176  28:49  Baneling x2  

Tags
 
Add a new tag
Caveats
  • Supply blocks, unpowered buildings, or Contaminate may cause inaccurate times.
  • Supply counts are checked every 10 seconds.